 Dungeon Crawl Stone Soup version 0.30-a0-924-g0ad0bf95bc (webtiles) character file.

Game seed: 5967817577698516763

62 ZappyNine the Slasher (level 4, 0/38 HPs)
             Began as a Gnoll Reaver on Mar 22, 2023.
             Slain by a hound (5 damage)
             ... on level 3 of the Dungeon.
             The game lasted 00:01:32 (1150 turns).

ZappyNine the Slasher (Gnoll Reaver)                Turns: 1150, Time: 00:01:33

Health: 0/38       AC:  6    Str: 13    XL:     4   Next: 8%
Magic:  11/11      EV: 12    Int: 12    God:
Gold:   46         SH:  0    Dex: 11    Spells: 12/13 levels left

rFire   . . .      SeeInvis .    a - +0 falchion
rCold   . . .      Faith    .    (no shield)
rNeg    . . .      Spirit   .    b - +0 leather armour
rPois   +          Reflect  .    (no helmet)
rElec   .          Rampage  .    (no cloak)
rCorr   .                        (no gloves)
Will    .....                    j - +2 pair of boots
Stlth   +                        (no amulet)
HPRegen 0.26/turn                f - ring of poison resistance
MPRegen 0.12/turn                (no ring)

@: no status effects
A: fangs 1, strong nose, distributed training
a: no special abilities


You were on level 3 of the Dungeon.
You visited 1 branch of the dungeon, and saw 3 of its levels.

You collected 46 gold pieces.

Inventory:

Hand Weapons
 a - a +0 falchion (weapon)
Armour
 b - a +0 leather armour (worn)
 j - a +2 pair of boots (worn)
Jewellery
 f - a ring of poison resistance (left hand)
 o - the amulet of Serendipity {Acrobat Will++}
   (You found it on level 2 of the Dungeon)

   [amulet of the acrobat]

   It increases your evasion while moving and waiting.
   Will:      It greatly increases your willpower.
 p - an amulet of faith
Scrolls
 c - a scroll of magic mapping {unknown}
 d - 3 scrolls of fog {unknown}
 e - a scroll of vulnerability {unknown}
 g - 2 scrolls of enchant armour {unknown}
 h - a scroll of silence {unknown}
 m - a scroll of noise {unknown}
 n - a scroll of teleportation {unknown}
Potions
 q - a potion of degeneration {unknown}


   Skills:
 + Level 4.6 Fighting
 + Level 1.0 Short Blades
 + Level 6.6 Long Blades
 + Level 1.0 Axes
 + Level 1.0 Maces & Flails
 + Level 1.0 Polearms
 + Level 1.0 Staves
 + Level 1.0 Ranged Weapons
 + Level 1.0 Throwing
 + Level 1.0 Armour
 + Level 4.6 Dodging
 + Level 1.0 Stealth
 + Level 1.0 Shields
 + Level 1.0 Unarmed Combat
 + Level 5.0 Spellcasting
 + Level 5.4 Conjurations
 + Level 0.8 Hexes
 + Level 0.8 Summonings
 + Level 0.8 Necromancy
 + Level 0.8 Translocations
 + Level 0.8 Transmutations
 + Level 0.8 Fire Magic
 + Level 0.8 Ice Magic
 + Level 0.8 Air Magic
 + Level 0.8 Earth Magic
 + Level 0.8 Poison Magic
 + Level 1.1 Invocations
 + Level 1.0 Evocations


You had 12 spell levels left.
You knew the following spells:

 Your Spells              Type           Power      Damage    Failure   Level
a - Kiss of Death         Conj/Necr      40%        2d8       7%          1

Your spell library contained the following spells:

 Spells                   Type           Power      Damage    Failure   Level
 Momentum Strike          Conj/Tloc      20%        3d8       11%         2
 Sandblast                Erth           10%        2d5       19%         1
 Hailstorm                Conj/Ice       10%        3d5       22%         3
 Stone Arrow              Conj/Erth      20%        3d8       22%         3
 Passwall                 Tmut/Erth      4%         N/A       26%         2


Dungeon Overview and Level Annotations

Branches:
Dungeon (3/15)

Altars:

Annotations:
D:2 Terence


Innate Abilities, Weirdness & Mutations

You have very sharp teeth.
Your uncanny sense of smell can sniff out nearby items.
Your experience applies equally to all skills.


Message History

A dart slug comes into view.
The dart slug launches a dart at you. The slug dart hits you.
* * * LOW HITPOINT WARNING * * *
The rat attacks as you move away! The rat barely misses you.
The rat attacks as you move away! The rat barely misses you.
The ball python hisses angrily.
You hear an angry hiss.
An adder comes into view.
The dart slug launches a dart at you. The slug dart hits you.
* * * LOW HITPOINT WARNING * * *
The dart slug launches a dart at you. The slug dart misses you.
The rat attacks as you move away! The rat bites you but does no damage.
The rat attacks as you move away! The rat closely misses you.
An orc comes into view. It is wielding a +0 hand axe.
The rat twitches its whiskers.
A rat, a hound and an orc come into view.
Found a scroll labelled CUTEAT JAYNK, 5 stones and a sapphire potion.
The hound barely misses you.
A bat comes into view.
The hound bites you but does no damage. 2 orcs come into view.
The orc moves out of view.
Found a glowing chain mail.
The orc shouts! x2
An orc comes into view. It is wielding a +0 short sword.
The hound misses you. The orc closely misses you.
You hear a shout!
The hound attacks as you move away! The hound bites you.
* * * LOW HITPOINT WARNING * * *
The orc barely misses you. x2
Unknown command.
The orc hits you with a +0 club.
* * * LOW HITPOINT WARNING * * *
The hound bites you.
* * * LOW HITPOINT WARNING * * *
The orc attacks as you move away! The orc closely misses you.
The hound bites you.
You die...

.# .# .# ##.# ...# ##..#
#...# ......# #.@# ######
....... .. #.h##..[..#
......# .o.. #oSo..### #
g.....#∆#.....#.#...#?#.#
......##.##....S.o##.##.#
........# #......g#.#g..#
#..g....##.##..o##.##..#
....<..:..# #...#.#r..##
...##.....##.###.##wg##


You could see a hound, a gnoll, an adder, 4 orcs and a ball python.

Vanquished Creatures
  A hound (D:2)
  A dart slug (D:1)
  5 ball pythons
  2 giant cockroaches (D:1)
  2 goblins
  5 hobgoblins
  2 quokkas (D:1)
  2 bats (D:1)
  5 frilled lizards (D:1)
  2 kobolds
  2 rats (D:2)
29 creatures vanquished.

Notes
Turn   | Place    | Note
-------+----------+-------------------------------------------
     0 | D:1      | ZappyNine the Gnoll Reaver began the quest for the Orb.
     0 | D:1      | Reached XP level 1. HP: 20/20 MP: 6/6
   111 | D:1      | Reached XP level 2. HP: 22/26 MP: 7/7
   695 | D:1      | Reached skill level 5 in Spellcasting
   695 | D:1      | Reached XP level 3. HP: 31/31 MP: 7/9
   864 | D:2      | Identified the amulet of Serendipity {Acrobat Will++}
   920 | D:2      | Reached skill level 1 in Short Blades
   920 | D:2      | Reached skill level 1 in Axes
   920 | D:2      | Reached skill level 1 in Maces & Flails
   920 | D:2      | Reached skill level 1 in Polearms
   920 | D:2      | Reached skill level 1 in Staves
   920 | D:2      | Reached skill level 1 in Ranged Weapons
   920 | D:2      | Reached skill level 1 in Throwing
   920 | D:2      | Reached skill level 1 in Armour
   920 | D:2      | Reached skill level 1 in Stealth
   920 | D:2      | Reached skill level 1 in Shields
   920 | D:2      | Reached skill level 1 in Unarmed Combat
   920 | D:2      | Reached skill level 1 in Invocations
   920 | D:2      | Reached skill level 1 in Evocations
   922 | D:2      | Reached XP level 4. HP: 38/38 MP: 11/11
  1057 | D:2      | Noticed Terence
  1098 | D:2      | Found a faded altar of an unknown god.
  1150 | D:3      | Slain by a hound

Illustrated notes

Levels and vault maps discovered:
D:1:      wander_arrival_lonely_grave, layout_loops_ring
D:2:      layout_loops_ring, shapermc_ecumenical_altar_pompeii, uniq_terence
D:3:      layout_basic, grunt_temple_overflow_open, minmay_vboxes, uniq_robin

Skill      XL: |  1  2  3 |
---------------+----------+-----
Spellcasting   | 5 |  5.0
Short Blades   | 1 |  1.0
Axes           | 1 |  1.0
Maces & Flails | 1 |  1.0
Polearms       | 1 |  1.0
Staves         | 1 |  1.0
Ranged Weapons | 1 |  1.0
Throwing       | 1 |  1.0
Armour         | 1 |  1.0
Stealth        | 1 |  1.0
Shields        | 1 |  1.0
Unarmed Combat | 1 |  1.0
Invocations    | 1 |  1.1
Evocations     | 1 |  1.0
Fighting       | |  4.6
Long Blades    | |  6.6
Dodging        | |  4.6
Conjurations   | |  5.4
Hexes          | |  0.8
Summonings     | |  0.8
Necromancy     | |  0.8
Translocations | |  0.8
Transmutations | |  0.8
Fire Magic     | |  0.8
Ice Magic      | |  0.8
Air Magic      | |  0.8
Earth Magic    | |  0.8
Poison Magic   | |  0.8

Action                     |  1- 3 |  4- 6 || total
---------------------------+-------+-------++-------
  Melee: Falchion          |    68 |    22 ||    90
         Bite              |     5 |     1 ||     6
         Punch             |     1 |     1 ||     2
    Use: Potion            |       |     3 ||     3
 Armour: Leather armour    |    25 |    18 ||    43
  Dodge: Dodged            |    42 |    43 ||    85

Table legend: (Time is in decaauts)
 A = Elapsed time spent in this place.
 B = Non-inter-level travel time spent in this place.
 C = Inter-level travel time spent in this place.
 D = Time resting spent in this place.
 E = Time spent auto-exploring this place.
 F = Levels seen in this place.
 G = Mean time per level.
                   A        B        C        D        E       F      G
               +--------+--------+--------+--------+--------+-----+--------+
         Total |   1146 |   1101 |     45 |      0 |    829 |   3 |  382.0 |
       Dungeon |   1146 |   1101 |     45 |      0 |    829 |   3 |  382.0 |
               +--------+--------+--------+--------+--------+-----+--------+

Top non-repeatable levels by time:
     D:1: 776 daAuts
     D:2: 338 daAuts
     D:3: 31 daAuts
